Map: [ESL] Cosmic Sapphire

Players

Scarlett

  • Race: Zerg Zerg
  • Spawn Location: 11:00

DisK - Winner!

  • Race: Protoss Protoss
  • Spawn Location: 5:00

Event: DreamHack SC2 Masters 2022 Atlanta (Online)

VOD

Have the link to the VOD?

Description

Time

  • Played on: Oct. 14, 2022, 5:41 p.m.
  • Length: 12:43

All games in this series

Show
View Real Time Build Order
Export as new Build Order

Scarlett Zerg 

Build Orders: Hatch First 

Get SALT Encoding   

  12  0:00  Drone  
  13  0:12  Overlord  
  13  0:17  Drone  
  14  0:31  Drone x2  
  16  0:47  Hatchery  
  15  0:51  Drone  
  15  0:54  Drone  
  17  0:57  Drone  
  18  1:08  Extractor  
  17  1:12  Spawning Pool  
  17  1:16  Drone  
  17  1:19  Drone  
  18  1:28  Drone  
  19  1:39  Drone  
  20  1:50  Drone  
  21  1:58  Queen x2  
  21  1:59  Zergling x2  
  21  2:00  Overlord  
  26  2:11  Metabolic Boost, Drone  
  26  2:12  Drone  
  28  2:23  Drone x2  
  30  2:34  Zergling x2  
  30  2:36  Drone  
  32  2:37  Hatchery  
  32  2:42  Queen  
  33  2:47  Drone  
  33  2:49  Drone  
  35  2:54  Drone  
  36  3:01  Overlord  
  36  3:09  Overlord  
  36  3:18  Queen  
  36  3:19  Drone x5  
  43  3:27  Queen  
  43  3:29  Drone x2  
  47  3:37  Drone  
  47  3:41  Drone  
  49  3:46  Drone x3  
  52  3:51  Queen  
  52  3:53  Zergling x4  
  56  4:00  Zergling x4  
  55  4:13  Drone x6  
  56  4:17  Spore Crawler, Queen  
  56  4:19  Evolution Chamber  
  56  4:20  Drone  
  56  4:22  Overlord  
  57  4:26  Drone  
  57  4:28  Overlord  
  57  4:39  Overlord  
  57  4:40  Queen  
  57  4:41  Drone x5  
  57  4:44  Drone  
  57  4:45  Zerg Melee Weapons Level 1  
  65  4:47  Drone x2  
  65  4:51  Drone x3  
  70  4:58  Drone x2  
  70  4:59  Drone x2, Extractor  
  73  5:04  Drone x3  
  75  5:11  Drone x4  
  75  5:13  Roach Warren  
  78  5:15  Overlord  
  78  5:16  Drone  
  78  5:18  Drone x2  
  81  5:23  Overlord x2  
  81  5:29  Spore Crawler  
  81  5:30  Spore Crawler  
  81  5:31  Drone  
  81  5:32  Drone  
  81  5:37  Hatchery  
  81  5:41  Lair  
  81  5:42  Drone x3  
  83  5:48  Drone x5  
  83  5:53  Drone x4  
  83  5:56  Drone, Extractor  
  87  5:57  Extractor  
  86  6:07  Hatchery  
  86  6:08  Drone x2  
  86  6:11  Extractor  
  86  6:13  Roach x5  
  86  6:16  Overlord  
  96  6:27  Drone x4  
  96  6:30  Extractor  
  96  6:31  Zergling x6, Roach x2  
  96  6:32  Overlord  
  106  6:41  Hatchery  
  106  6:44  Zergling x14  
  106  6:45  Ravager x2  
  114  6:48  Zerg Melee Weapons Level 2  
  114  6:57  Zergling x18  
  122  7:03  Overlord x2  
  122  7:08  Overlord x3  
  122  7:10  Glial Reconstitution  
  122  7:14  Baneling Nest  
  121  7:27  Drone x13  
  134  7:38  Zergling x18  
  137  7:59  Zergling x14  
  137  8:00  Zergling x22  
  145  8:12  Zergling x18  
  132  8:22  Roach x10  
  147  8:36  Zergling x22  
  147  8:39  Centrifugal Hooks  
  158  8:42  Drone x2  
  158  8:44  Zergling x18  
  169  8:49  Zergling x6  
  169  8:52  Hatchery  
  169  8:55  Overlord x3  
  171  9:01  Zergling x4  
  172  9:07  Zerg Missile Weapons Level 1  
  171  9:11  Overlord  
  171  9:16  Zergling x34  
  172  9:23  Zergling x6  
  175  9:26  Zergling x8  
  176  9:32  Zergling x8  
  169  9:44  Zergling x22  
  160  9:55  Roach x8  
  157  10:03  Baneling x7  
  155  10:07  Zergling x12, Roach x6  
  155  10:08  Zergling x2  
  155  10:09  Baneling x3  
  155  10:13  Zergling x12  
  155  10:14  Zergling x4, Baneling x16  
  182  10:15  Baneling x8  
  182  10:17  Infestation Pit, Baneling  
  182  10:18  Baneling x12  
  180  10:25  Zergling x18  
  190  10:35  Roach x4  
  190  10:36  Hatchery, Roach x3  
  191  10:43  Zergling x6, Roach x4  
  190  10:54  Roach x6  
  167  11:05  Zergling x18  
  171  11:13  Zergling x12  
  171  11:15  Zergling x2, Baneling x5  
  171  11:16  Zergling x4  
  176  11:19  Zergling x4  
  176  11:23  Zergling x2  
  174  11:30  Zergling x12  
  136  11:34  Zergling x6  
  136  11:37  Zergling x16  
  121  11:42  Zergling x6  
  107  11:50  Zergling x16  
  107  11:51  Zergling x2  
  107  11:59  Roach x6  
  113  12:03  Roach x3  
  113  12:05  Roach x5  
  113  12:06  Roach  
  113  12:08  Roach  
  129  12:10  Roach  
  129  12:13  Roach  
  132  12:17  Roach x3  
  132  12:19  Roach x3  
  144  12:22  Roach  
  144  12:23  Roach  
Show
View Real Time Build Order
Export as new Build Order

DisK Protoss - Winner!

Build Orders: 1 Gate Expand, Oracle Opening 

Get SALT Encoding   

  12  0:00  Probe  
  13  0:12  Probe  
  14  0:19  Pylon  
  14  0:24  Probe  
  15  0:37  Probe (Chrono Boost)  
  15  0:38  Gateway  
  16  0:47  Assimilator  
  16  0:48  Probe (Chrono Boost)  
  17  0:52  Probe (Chrono Boost)  
  18  1:04  Probe  
  19  1:16  Probe  
  20  1:23  Nexus  
  20  1:34  Cybernetics Core  
  20  1:37  Probe  
  21  1:42  Assimilator  
  21  1:49  Probe  
  21  1:53  Pylon  
  22  2:01  Probe (Chrono Boost)  
  23  2:08  Adept (Chrono Boost)  
  23  2:12  Warp Gate  
  23  2:13  Probe (Chrono Boost)  
  26  2:18  Probe (Chrono Boost)  
  27  2:24  Stargate  
  27  2:29  Probe  
  28  2:32  Stalker (Chrono Boost)  
  30  2:37  Probe  
  30  2:41  Probe  
  32  2:49  Probe  
  33  2:53  Probe  
  34  3:00  Adept  
  34  3:01  Probe  
  37  3:05  Probe  
  37  3:07  Oracle (Chrono Boost)  
  41  3:17  Pylon  
  41  3:18  Probe x2  
  43  3:30  Probe x2  
  45  3:35  Oracle (Chrono Boost)  
  48  3:42  Nexus  
  48  3:44  Pylon  
  48  3:45  Probe  
  48  3:47  Probe  
  50  3:55  Gateway  
  50  3:59  Probe x2  
  52  4:11  Probe  
  52  4:15  Probe  
  50  4:18  Twilight Council  
  50  4:19  Oracle (Chrono Boost)  
  50  4:20  Forge  
  50  4:23  Probe  
  54  4:26  Adept  
  54  4:27  Probe  
  54  4:29  Assimilator  
  57  4:31  Assimilator, Pylon  
  57  4:35  Probe  
  58  4:39  Probe  
  58  4:45  Pylon  
  57  4:47  Protoss Ground Weapons Level 1, Pylon  
  57  4:53  Adept x2  
  61  5:01  Probe (Chrono Boost)  
  61  5:02  Probe x2 (Chrono Boost)  
  64  5:08  Blink (Chrono Boost)  
  64  5:10  Pylon  
  64  5:13  Probe (Chrono Boost)  
  67  5:15  Gateway  
  67  5:18  Probe x2 (Chrono Boost)  
  67  5:19  Probe (Chrono Boost)  
  68  5:21  Gateway  
  68  5:25  Probe x2  
  68  5:27  Probe  
  68  5:28  Sentry  
  73  5:31  Shield Battery, Sentry  
  75  5:35  Pylon  
  75  5:37  Probe  
  76  5:49  Probe  
  72  5:51  Probe x2  
  74  5:59  Gateway x2  
  74  6:01  Probe  
  74  6:02  Assimilator  
  74  6:03  Gateway, Assimilator, Probe  
  74  6:04  Probe  
  77  6:07  Stalker  
  77  6:08  Pylon  
  77  6:09  Stalker  
  77  6:10  Gateway  
  81  6:15  Probe  
  81  6:16  Probe x2  
  84  6:18  Stalker  
  86  6:27  Stalker  
  86  6:30  Probe x3  
  91  6:32  Robotics Facility  
  91  6:42  Stalker x3  
  91  6:46  Probe, Pylon  
  98  6:51  Nexus  
  94  7:04  Stalker x4  
  94  7:05  Stalker  
  104  7:09  Probe x3  
  104  7:12  Robotics Facility  
  104  7:14  Protoss Ground Weapons Level 2 (Chrono Boost)  
  107  7:16  Shield Battery  
  107  7:21  Shield Battery, Probe x3  
  110  7:23  Observer  
  110  7:24  Charge (Chrono Boost)  
  110  7:25  Robotics Bay  
  108  7:38  Pylon  
  108  7:40  Probe x3  
  108  7:44  Stalker x4  
  119  7:52  Probe  
  119  7:58  Stalker x2  
  124  7:59  Stalker x2  
  127  8:12  Stalker x3  
  123  8:13  Stalker  
  123  8:24  Disruptor  
  123  8:25  Disruptor, Gateway x2  
  125  8:38  Stalker x7  
  139  8:43  Pylon  
  139  8:45  Pylon  
  139  8:51  Templar Archives  
  139  8:57  Assimilator  
  139  8:58  Assimilator  
  139  9:00  Photon Cannon, Pylon x2  
  139  9:02  Photon Cannon  
  139  9:03  Disruptor  
  139  9:04  Disruptor  
  139  9:07  Stalker x2  
  149  9:19  Zealot x6  
  161  9:27  Zealot x2  
  165  9:38  Zealot x2  
  162  9:49  Stalker x4  
  166  9:58  Zealot x3  
  172  10:09  Psionic Storm  
  172  10:10  Pylon  
  172  10:11  Pylon  
  172  10:16  Pylon  
  172  10:23  Zealot  
  172  10:29  Zealot x8  
  168  10:36  Stalker  
  130  10:50  Observer  
  130  10:54  Stalker x5  
  130  10:55  Stalker x4  
  131  11:02  Probe x3 (Chrono Boost)  
  133  11:07  Probe (Chrono Boost)  
  135  11:13  Probe x3 (Chrono Boost)  
  135  11:16  Probe (Chrono Boost)  
  135  11:17  Probe x3 (Chrono Boost)  
  137  11:19  High Templar x3  
  137  11:20  High Templar x6  
  137  11:21  High Templar  
  160  11:26  Probe  
  155  11:37  Archon x2  
  155  11:38  Archon  
  145  11:40  Probe x3  
  143  11:51  Archon x2  
  143  11:55  Probe x2  
  141  12:04  Observer, Warp Prism (Chrono Boost)  
  141  12:05  Zealot x10, Warp Prism (Chrono Boost)  
  165  12:15  Probe x2  
  165  12:35  High Templar x4  
  165  12:36  High Templar x4  
Tags
 
Add a new tag
Caveats
  • Supply blocks, unpowered buildings, or Contaminate may cause inaccurate times.
  • Supply counts are checked every 10 seconds.